 Dungeon Crawl Stone Soup version 0.29.0-13-gc9e81de378 (webtiles) character file.

Game seed: 7880686287917213548

1272 groovy9 the Cleaver (level 8, -2/91 (102) HPs)
             Began as a Hill Orc Fighter on Sept 10, 2022.
             Slain by a wight
             ... wielding a +0 long sword
              (8 damage)
             ... on level 5 of the Dungeon.
             The game lasted 00:11:04 (5236 turns).

groovy9 the Cleaver (Hill Orc Fighter)              Turns: 5236, Time: 00:11:05

HP:   -2/91 (102)   AC: 24    Str: 21    XL:     8   Next: 53%
MP:   8/8           EV:  2    Int:  8    God:
Gold: 29            SH: 12    Dex: 10    Spells: 7/7 levels left

rFire   . . .      SeeInvis .   a - +1 war axe
rCold   . . .      Faith    .   n - +0 tower shield
rNeg    . . .      Spirit   .   (body armour currently unavailable)
rPois   +          Reflect  .   (helmet currently unavailable)
rElec   .          Harm     .   (cloak currently unavailable)
rCorr   .          Rampage  .   (gloves currently unavailable)
Will    .....      NoTele   +   (boots currently unavailable)
Stlth   +.........              (no amulet)
HPRegen 0.25/turn               h - ring of flight
MPRegen 0.11/turn               d - +4 ring of slaying

@: tree-form, heavily drained
A: stationary, stasis, torment immunity, boosted hp
a: no special abilities


You were on level 5 of the Dungeon.
You were a tree.
You visited 1 branch of the dungeon, and saw 5 of its levels.

You collected 164 gold pieces.
You spent 135 gold pieces at shops.

Inventory:

Hand Weapons
 a - a +1 war axe (weapon)
Armour
 m - a +0 pair of boots (melded)
 n - a +0 tower shield (worn)
 q - a +1 chain mail of poison resistance (melded)
Jewellery
 d - a +4 ring of slaying (right branch)
 h - a ring of flight (left branch)
Wands
 f - a wand of paralysis (10)
 j - a wand of flame (13)
Scrolls
 b - a scroll of teleportation
 c - a scroll of blinking
Potions
 e - 2 potions of flight
 g - a potion of lignification
 i - a potion of attraction


   Skills:
 + Level 5.0 Fighting
 + Level 11.0 Axes
 + Level 4.5 Armour
 + Level 4.5 Shields
 + Level 2.5 Evocations


You had 7 spell levels left.
You didn't know any spells.
Your spell library contained the following spells:

 Spells                   Type           Power      Damage    Failure   Level
 Scorch                   Fire           0%         2d5       100%        2
 Sublimation of Blood     Necr           0%         N/A       100%        2
 Wereblood                Tmut           0%         N/A       100%        2
 Summon Guardian Golem    Hex/Summ       0%         N/A       100%        3
 Flame Wave               Conj/Fire      0%         2d4       100%        4
 Summon Cactus Giant      Summ           0%         N/A       100%        6
 Orb of Destruction       Conj           0%         9d5       100%        7
 Spellforged Servitor     Conj/Summ      0%         N/A       100%        7
 Summon Hydra             Summ           0%         N/A       100%        7


Dungeon Overview and Level Annotations

Branches:
Dungeon (5/15)
 Temple: D:4-7

Altars:
Sif Muna

Shops:
D:4 =*


Message History

Your Fighting skill increases to level 5!
You hit the wight.
The wight is moderately damaged.
The wight hits you from afar with a +0 halberd.
The wight hits you with a +0 long sword!
You feel drained.
Sorry, you're not good enough to have a special ability.
Okay, then.
Okay, then.
You closely miss the wight.
The wight is moderately damaged.
You block the wight's attack. x2
The wight hits you with a +0 long sword.
The wight hits you from afar with a +0 halberd!
* * * LOW HITPOINT WARNING * * *
You feel drained.
* * * LOW HITPOINT WARNING * * *
Really quaff the potion of lignification?
You turn into a tree.
Your +0 pair of boots melds into your body.
Your +1 chain mail of poison resistance melds into your body.
You no longer feel resistant to poison.
Your roots penetrate the ground.
The wight hits you but does no damage.
The wight hits you with a +0 long sword.
* * * LOW HITPOINT WARNING * * *
You feel drained.
* * * LOW HITPOINT WARNING * * *
You barely miss the wight.
The wight is moderately damaged.
You block the wight's attack. The wight barely misses you.
You closely miss the wight.
The wight is moderately damaged.
You block the wight's attack. x2
You hit the wight but do no damage.
The wight is moderately damaged.
The wight hits you from afar with a +0 halberd.
* * * LOW HITPOINT WARNING * * *
The wight hits you but does no damage. x2
The wight hits you with a +0 long sword!
You die...

#. #...# #..# #
#.##...####..# #
###...........#####
.#.##..............
#.............#####
...####.#######
#.#....# #.#.####
#♣#.# #z#.## #.z..#
###.z# #..# #..#
#..# ...# ....


You could see 2 wights.

Vanquished Creatures
  Grinder (D:3)
  3 water moccasins (D:4)
  A black bear (D:5)
  3 scorpions
  A wight (D:5)
  A gnoll bouda (D:4)
  2 orc priests (D:4)
  A jelly (D:4)
  An iguana (D:4)
  2 orc wizards (D:4)
  11 gnolls
  A river rat (D:4)
  7 adders
  5 dart slugs
  11 orcs
  2 ball pythons
  2 bats (D:2)
  5 endoplasms
  3 giant cockroaches
  3 goblins
  4 hobgoblins
  9 jackals
  3 quokkas
  2 frilled lizards
  4 rats
88 creatures vanquished.

Notes
Turn   | Place    | Note
-------+----------+-------------------------------------------
     0 | D:1      | groovy9 the Hill Orc Fighter began the quest for the Orb.
     0 | D:1      | Reached XP level 1. HP: 19/19 MP: 1/1
    60 | D:1      | Reached skill level 3 in Axes
   148 | D:1      | Reached XP level 2. HP: 21/26 MP: 2/2
   388 | D:1      | Reached skill level 4 in Axes
   713 | D:1      | Found a faded altar of an unknown god.
   744 | D:1      | Reached XP level 3. HP: 16/31 MP: 3/3
  1466 | D:2      | Reached skill level 5 in Axes
  1936 | D:2      | Reached XP level 4. HP: 39/39 MP: 4/4
  2069 | D:3      | Reached skill level 6 in Axes
  2541 | D:3      | Reached XP level 5. HP: 45/45 MP: 5/5
  2738 | D:3      | Noticed Grinder
  2776 | D:3      | Killed Grinder
  2777 | D:3      | Reached skill level 8 in Axes
  2777 | D:3      | Reached XP level 6. HP: 28/51 MP: 6/6
  3147 | D:3      | Found a shimmering blue altar of Sif Muna.
  3269 | D:4      | Reached skill level 9 in Axes
  3284 | D:4      | Reached XP level 7. HP: 22/57 MP: 7/7
  3646 | D:4      | Reached skill level 10 in Axes
  3787 | D:4      | Found Dufathi's Serpentskin Sales.
  4144 | D:4      | Found Terch's Jewellery Emporium.
  4415 | D:4      | Reached skill level 1 in Evocations
  4494 | D:4      | Bought a +1 chain mail of poison resistance for 135 gold
                  | pieces
  4572 | D:4      | Reached XP level 8. HP: 56/66 MP: 8/8
  5037 | D:5      | Entered Level 5 of the Dungeon
  5146 | D:5      | Reached skill level 11 in Axes
  5231 | D:5      | Reached skill level 5 in Fighting
  5236 | D:5      | Slain by a wight

Illustrated notes

Levels and vault maps discovered:
D:1:      dpeg_arrival_rooms_a, layout_loops_ring,
          shapermc_ecumenical_altar_mp_highgroup
D:2:      layout_rooms
D:3:      layout_basic, led_sif_pool, mrwooster_statue_mirror,
          grunt_ministairs_9, uniq_grinder
D:4:      layout_basic, serial_shops, nicolae_diamond_shop,
          gup_sewer_entry_bowl, nicolae_eternal_life, minmay_misc_feat_columns,
          chequers_jeans, guppyfry_shop_venom
D:5:      layout_loops_ring, fedhas_altar_1, nicolae_overflow_hidden_temple,
          nicolae_qazlal_general_emergency

Skill      XL: |  1  2  3  4  5  6  7  8 |
---------------+-------------------------+-----
Axes           | 3 4 5 6 8 9 10 11 | 11.0
Evocations     | 1 2 |  2.5
Fighting       | 4 5 |  5.0
Shields        | 4 |  4.5
Armour         | 4 |  4.5

Action                   |  1- 3 |  4- 6 |  7- 9 || total
-------------------------+-------+-------+-------++-------
Melee: War axe           |    98 |    88 |   112 ||   298
  Use: Scroll            |     2 |     5 |     4 ||    11
       Potion            |     1 |     3 |     3 ||     7
Armor: Scale mail        |    42 |       |       ||    42
       Chain mail        |    16 |    31 |    62 ||   109
       Skin              |       |       |     3 ||     3
Dodge: Dodged            |    45 |    26 |    20 ||    91
Block: Buckler           |    10 |    23 |     7 ||    40
       Tower shield      |       |       |    40 ||    40
